 Dungeon Crawl Stone Soup version 0.20.0-10-g0535bb4 (webtiles) character file.

303 Scud the Firebug (level 6, -8/36 HPs)
             Began as an Octopode Fire Elementalist on June 4, 2017.
             Was an Initiate of Sif Muna.
             Mangled by a two-headed ogre
             ... wielding a +0 giant club
              (10 damage)
             ... on level 4 of the Dungeon.
             The game lasted 00:22:45 (4830 turns).

Scud the Firebug (Octopode Fire Elementalist)       Turns: 4830, Time: 00:22:50

Health: -8/36      AC:  5    Str:  8    XL:     6   Next: 38%
Magic:  11/11      EV: 13    Int: 19    God:    Sif Muna [......]
Gold:   201        SH:  0    Dex: 12    Spells: 5/11 levels left

rFire    . . .     SeeInvis .     - Unarmed
rCold    . . .     Gourm    .   (no shield)
rNeg     . . .     Faith    .   (helmet restricted)
rPois    .         Spirit   .   (no amulet)
rElec    .         Reflect  .   s - +4 ring of protection
rCorr    .         Harm     .   (no ring)
MR       .....                  (no ring)
Stlth    +++.......             (no ring)
Regen    0.2/turn               (no ring)
MPRegen  0.2/turn               (no ring)
                                (no ring)
                                (no ring)

@: no status effects
A: almost no armour, stealthy swim, amphibious, 8 rings, constrict 8, camouflage
1, gelatinous body 1
a: Renounce Religion


You were on level 4 of the Dungeon.
You worshipped Sif Muna.
Sif Muna was noncommittal.
You were not hungry.

You visited 1 branch of the dungeon, and saw 4 of its levels.

You collected 201 gold pieces.

Inventory:

Hand Weapons
 t - a +0 dagger of venom
Armour
 u - a +2 robe of positive energy
Jewellery
 r - an uncursed ring of ice
 s - a +4 ring of protection (left tentacle)
Wands
 n - a wand of polymorph (7/24)
Scrolls
 d - 4 scrolls of teleportation
 e - a scroll of enchant armour
 k - a scroll of blinking {unknown}
 m - a scroll of remove curse {unknown}
 o - a scroll of identify
 p - 2 scrolls of amnesia {unknown}
Potions
 f - a potion of agility
 h - a potion of curing
 j - a potion of might
 l - a potion of flight {unknown}
 q - a potion of lignification {unknown}
Books
 a - a book of Flames

   Spells                             Type                      Level
   a - Flame Tongue                   Conjuration/Fire             1
   b - Throw Flame                    Conjuration/Fire             2
   c - Conjure Flame                  Conjuration/Fire             3
   d - Inner Flame                    Hexes/Fire                   3
   e - Sticky Flame                   Conjuration/Fire             4
   f - Fireball                       Conjuration/Fire             5
Comestibles
 b - 4 bread rations
 g - 2 meat rations


   Skills:
 - Level 2.2 Dodging
 - Level 2.8 Stealth
 + Level 3.6 Unarmed Combat
 * Level 3.3 Spellcasting
 + Level 2.4 Conjurations
 + Level 4.0 Fire Magic


You had 5 spell levels left.
You knew the following spells:

 Your Spells              Type           Power        Failure   Level  Hunger
a - Flame Tongue          Conj/Fire      ###..        3%          1    None
b - Fireball              Conj/Fire      ###.......   71%         5    ######.


Dungeon Overview and Level Annotations

Branches:
Dungeon (4/15)
 Temple: D:4-7

Altars:
Ashenzari
Cheibriados
Dithmenos
Elyvilon
Fedhas
Gozag
Kikubaaqudgha
Sif Muna
Vehumet
Xom
The Shining One

Annotations:
D:4 Duvessa


Innate Abilities, Weirdness & Mutations

You cannot wear most types of armour.
You are very stealthy in the water. (Stealth+)
You are amphibious.
You can wear up to eight rings at the same time.
You can use your tentacles to constrict eight enemies at once.
Your skin changes colour to match your surroundings (Stealth+).
Your rubbery body absorbs attacks. (AC +1, EV +1)


Message History

The floor.
Duvessa shouts!
You hear two shouts!
Duvessa mumbles some strange words.
Duvessa flickers and vanishes!
Casting: Flame Tongue
Confirm with . or Enter, or press ? or * to list all spells.
You can't see any susceptible monsters within range! (Use Z to cast anyway.)
You hear some strange, mumbled words.
Press: ? - help, v - describe, . - travel
Here: a howler monkey (summoned)
The floor.
You hear some strange, mumbled words.
The howler monkey hits you.
You hear some strange, mumbled words.
The howler monkey completely misses you.
The two-headed ogre hits you with a giant club!!
Ouch! That really hurt!
* * * LOW HITPOINT WARNING * * *
The two-headed ogre hits you with a giant spiked club!
You die...

# . . #.......# #. #.##.
##.#.##.######
...##.#.#######..##.......
........S...# #..##.......
......#.###.###.###.......
#.......# #.##..# #.......
#..####.###.#.#.###.......
#.Oh...##...........
..####..@..#######<......
..l........[# ###..##.
#.###...[..## #..##)
#.###.#...w# #..##.
#.........<# #..##.
#..........# #..##.
#.####.###.# #.. #. # #.
#... #. #. ...... #.


You could see a two-headed ogre, a worm, a howler monkey and a leopard gecko.

Vanquished Creatures
  2 jellies (D:3)
  10 adders
  4 gnolls (D:3)
  4 oozes
  4 worms
  4 dart slugs
  2 leopard geckos (D:3)
  An orc (D:3)
  4 giant cockroaches
  13 goblins
  9 hobgoblins
  An iguana (D:3)
  4 jackals (D:1)
  2 quokkas (D:2)
  A ball python (D:2)
  2 bats
  4 frilled lizards
  A jackal skeleton (D:4)
  6 kobolds
  10 rats
88 creatures vanquished.

Notes
Turn   | Place    | Note
-------+----------+-------------------------------------------
     0 | D:1      | Scud the Octopode Fire Elementalist began the quest for the Orb.
     0 | D:1      | Reached XP level 1. HP: 11/11 MP: 3/3
   726 | D:1      | Reached XP level 2. HP: 13/17 MP: 0/5
  1094 | D:1      | Reached XP level 3. HP: 19/21 MP: 3/6
  1582 | D:2      | Reached skill level 1 in Unarmed Combat
  1775 | D:2      | Reached XP level 4. HP: 11/27 MP: 2/7
  2006 | D:2      | Found an ancient bone altar of Kikubaaqudgha.
  2007 | D:2      | Found a shimmering altar of Xom.
  2009 | D:2      | Found a white marble altar of Elyvilon.
  2212 | D:2      | Found a shattered altar of Ashenzari.
  2298 | D:2      | Reached XP level 5. HP: 31/31 MP: 7/9
  2305 | D:2      | Learned a level 5 spell: Fireball
  2812 | D:2      | Found a deep blue altar of Sif Muna.
  2812 | D:2      | Found a radiant altar of Vehumet.
  2812 | D:2      | Found an opulent altar of Gozag.
  2812 | D:2      | Found a blossoming altar of Fedhas.
  2824 | D:2      | Found a shadowy altar of Dithmenos.
  2831 | D:2      | Found a glowing golden altar of the Shining One.
  2842 | D:2      | Found a snail-covered altar of Cheibriados.
  2853 | D:2      | Became a worshipper of Sif Muna the Loreminder
  3005 | D:3      | Reached skill level 4 in Fire Magic
  3660 | D:3      | Found a shimmering altar of Xom.
  3888 | D:3      | Reached XP level 6. HP: 25/36 MP: 2/10
  4578 | D:4      | Noticed Duvessa
  4578 | D:4      | Noticed Dowan
  4585 | D:4      | Noticed Dowan
  4585 | D:4      | Dowan changed into Dowan the worm
  4587 | D:4      | Killed Dowan the worm
  4601 | D:4      | Noticed Duvessa
  4601 | D:4      | Duvessa changed into Duvessa the boggart
  4602 | D:4      | Noticed a two-headed ogre
  4830 | D:4      | Mangled by a two-headed ogre

Skill      XL: |  1  2  3  4  5 |
---------------+----------------+-----
Unarmed Combat | 1 2 3 |  3.6
Conjurations   | 2 |  2.4
Fire Magic     | 4 |  4.0
Spellcasting   | 3 |  3.3
Dodging        | |  2.2
Stealth        | |  2.8

Action                   |  1- 3 |  4- 6 || total
-------------------------+-------+-------++-------
Melee: Unarmed           |    75 |   122 ||   197
       Constrict         |    16 |    25 ||    41
       Tentacles         |    12 |    20 ||    32
       Punch             |       |     1 ||     1
 Cast: Flame Tongue      |    37 |    36 ||    73
Evoke: Wand              |       |     4 ||     4
  Use: Scroll            |       |     3 ||     3
       Potion            |       |     7 ||     7
 Stab: Sleeping          |     4 |     4 ||     8
       Distracted        |       |     2 ||     2
  Eat: Chunk             |     3 |     5 ||     8
       Fruit             |       |     3 ||     3
       Royal jelly       |       |     1 ||     1
Armor: Skin              |     2 |     6 ||     8
Dodge: Dodged            |    45 |    91 ||   136
